 Dungeon Crawl Stone Soup version 0.31-a0-142-g31f6795574 (webtiles) character file.

Game seed: 5038978201912745916

205 pokeman the Magician (level 5, -3/29 HPs)
             Began as a Deep Elf Hedge Wizard on June 3, 2023.
             Killed from afar by an orc wizard (8 damage)
             ... with a magic dart
             ... on level 4 of the Dungeon.
             The game lasted 00:05:13 (4055 turns).

pokeman the Magician (Deep Elf Hedge Wizard)        Turns: 4055, Time: 00:05:14

Health: -3/29      AC:  3    Str:  7    XL:     5   Next: 52%
Magic:  1/15       EV: 13    Int: 21    God:
Gold:   137        SH:  0    Dex: 14    Spells: 1/16 levels left

rFire   . . .        a - +0 dagger
rCold   . . .        (no shield)
rNeg    . . .        b - +0 robe
rPois   .            c - +0 hat
rElec   .            (no cloak)
rCorr   .            (no gloves)
SInv    .            k - +0 pair of boots
Will    .....        (no amulet)
Stlth   ++           (no ring)
HPRegen 0.24/turn    (no ring)
MPRegen 0.14/turn

%: no passive effects
@: very slightly contaminated
A: no striking features
a: no special abilities


You were on level 4 of the Dungeon.
You visited 2 branches of the dungeon, and saw 5 of its levels.

You collected 137 gold pieces.

Inventory:

Hand Weapons
 a - a +0 dagger (weapon)
Armour
 b - a +0 robe (worn)
 c - a +0 hat (worn)
 k - a +0 pair of boots (worn)
Scrolls
 f - a scroll of summoning {unknown}
 g - 2 scrolls of teleportation {unknown}
 i - 3 scrolls of noise {unknown}
 m - a scroll of immolation {unknown}
 o - a scroll of magic mapping {unknown}
Potions
 d - a potion of magic
 e - a potion of mutation {unknown}
 h - a potion of attraction {unknown}
 j - a potion of haste {unknown}
 l - a potion of degeneration {unknown}
 n - a potion of lignification {unknown}


   Skills:
 - Level 1.2 Fighting
 - Level 1.0 Armour
 - Level 3.0 Dodging
 - Level 3.0 Stealth
 * Level 6.3 Spellcasting
 + Level 2.8 Conjurations
 - Level 1.1 Summonings
 - Level 1.1 Translocations
 + Level 0.3 Fire Magic
 + Level 0.1 Air Magic
 + Level 0.0 Earth Magic
 + Level 0.5 Poison Magic


You had one spell level left.
You knew the following spells:

 Your Spells              Type           Power      Damage    Failure   Level
a - Magic Dart            Conj           72%        1d6       3%          1
b - Mephitic Cloud        Conj/Pois/Air  11%        N/A       17%         3
c - Call Imp              Summ           22%        N/A       9%          2
d - Blink                 Tloc           22%        N/A       9%          2
e - Flame Wave            Conj/Fire      13%        2d6       43%         4
f - Stone Arrow           Conj/Erth      24%        3d8       16%         3

Your spell library contained the following spells:

 Spells                   Type           Power      Damage    Failure   Level
 Sandblast                Erth           12%        2d6       10%         1
 Slow                     Hex            24%        N/A       10%         1
 Cigotuvi's Dreadful Rot  Necr/Pois/Air  14%        N/A       13%         2
 Passwall                 Tmut/Erth      5%         N/A       14%         2
 Inner Flame              Hex/Fire       7%         N/A       26%         3
 Ozocubu's Armour         Ice            6%         N/A       28%         3
 Sticky Flame             Conj/Fire      13%        2d4       43%         4
 Metabolic Englaciation   Hex/Ice        3%         N/A       95%         5
 Simulacrum               Ice/Necr       3%         N/A       100%        6


Dungeon Overview and Level Annotations

Branches:
Dungeon (4/15)             Temple (1/1) D:4

Altars:
Ashenzari
Cheibriados
Dithmenos
Elyvilon
Fedhas
Gozag
Hepliaklqana
Kikubaaqudgha
Makhleb
Nemelex Xobeh
Okawaru
Qazlal
Uskayaw


Message History

The orc wizard hits you with a +0 dagger.
Your magical contamination has completely faded away.
You hit the orc wizard but do no damage.
The orc wizard is severely wounded.
The orc wizard hits you but does no damage.
You hit the orc wizard but do no damage.
The orc wizard is severely wounded.
The orc wizard barely misses you.
You barely miss the orc wizard.
You punch the orc wizard, but do no damage.
The orc wizard is severely wounded.
The orc wizard points at you and mumbles some strange words.
You are confused.
The orc wizard casts a spell at you. You resist with some effort.
The orc wizard attacks as you move away!
The orc wizard barely misses you.
You closely miss the orc wizard. Your punch misses the orc wizard.
The orc wizard is severely wounded.
The orc wizard hits you with a +0 dagger.
The orc wizard points at you and mumbles some strange words.
The magic dart hits you.
You feel less confused.
The orc wizard gestures wildly while chanting.
The orc wizard flickers and vanishes!
Deactivating autopickup; reactivate with Ctrl-A.
Casting: Magic Dart (safe; 3% risk of failure)
Confirm with . or Enter, or press ? or * to list all spells.
You miscast Call Imp.
You are very lightly contaminated with residual magic.
Nothing appears to happen.
Something hits you. Something hits you but does no damage.
A magic dart appears from out of thin air!
The magic dart hits you!
* * * LOW HITPOINT WARNING * * *
Items here: ))) [[.
A magic dart appears from out of thin air!
The magic dart hits you!
You die...

##+####.##..####.P.>..#
##.##..####+.P.PP#
#......#....PP..P#
#......#.....##.##
#......#........#
########...###..#####
###...####...######
#........#.....#
#.....{.)@.....#
#.......##)...##
#.......#######
###.....# #.....#
.......# #.......#
#........ .........#


There were no monsters in sight!

Vanquished Creatures
  A hound (D:3)
  An orc wizard (D:3)
  3 gnolls (D:2)
  5 adders
  2 worms
  7 orcs
  3 ball pythons
  6 endoplasms
  6 giant cockroaches
  7 goblins
  4 hobgoblins
  4 kobolds
  5 quokkas
  5 bats
  2 frilled lizards
  2 rats
63 creatures vanquished.

Notes
Turn   | Place    | Note
-------+----------+-------------------------------------------
     0 | D:1      | pokeman the Deep Elf Hedge Wizard began the quest for the
                  | Orb.
     0 | D:1      | Reached XP level 1. HP: 10/10 MP: 7/7
   585 | D:1      | Reached XP level 2. HP: 16/16 MP: 7/9
  1394 | D:2      | Reached skill level 5 in Spellcasting
  1394 | D:2      | Reached XP level 3. HP: 20/20 MP: 4/11
  1398 | D:2      | Learned a level 3 spell: Mephitic Cloud
  1401 | D:2      | Learned a level 2 spell: Call Imp
  1404 | D:2      | Learned a level 2 spell: Blink
  1713 | D:2      | Reached skill level 1 in Armour
  1725 | D:2      | Reached skill level 1 in Fighting
  1942 | D:2      | Reached XP level 4. HP: 14/25 MP: 4/13
  2173 | D:2      | Learned a level 4 spell: Flame Wave
  2553 | D:3      | Reached skill level 6 in Spellcasting
  2553 | D:3      | Reached XP level 5. HP: 24/29 MP: 1/15
  3374 | D:3      | Found a snail-covered altar of Cheibriados.
  3387 | D:3      | Found a sparkling altar of Nemelex Xobeh.
  3469 | D:3      | Found a shadowy altar of Dithmenos.
  3733 | D:4      | Learned a level 3 spell: Stone Arrow
  3735 | D:4      | Found a staircase to the Ecumenical Temple.
  3745 | Temple   | Entered the Ecumenical Temple
  4055 | D:4      | Killed from afar by an orc wizard

Illustrated notes

Levels and vault maps discovered:
D:1:      dpeg_arrival_boxorama, layout_loops_corners
D:2:      layout_loops_ring
D:3:      layout_loops_corners, cheibriados_altar_1,
          nemelex_xobeh_ov_fountains_minmay, grunt_dithmenos_smoke,
          nicolae_figureground_pulse
D:4:      layout_gridville, overflow_temple_1_default,
          nicolae_overflow_crystal_walls, minmay_temple_entry_overgrown,
          ebering_ghost_inner_flame, kennysheep_cross_room
Temple:   dpeg_chambers_temple

Skill      XL: |  1  2  3  4  5 |
---------------+----------------+-----
Spellcasting   | 5 6 |  6.3
Armour         | 1 |  1.0
Fighting       | 1 |  1.2
Conjurations   | 2 |  2.8
Dodging        | 3 |  3.0
Stealth        | 3 |  3.0
Summonings     | |  1.1
Translocations | |  1.1
Fire Magic     | |  0.3
Air Magic      | |  0.1
Poison Magic   | |  0.5

Action                     |  1- 3 |  4- 6 || total
---------------------------+-------+-------++-------
  Melee: Dagger            |    12 |    50 ||    62
         Punch             |       |     1 ||     1
   Cast: Magic Dart        |    96 |    79 ||   175
         Mephitic Cloud    |       |     6 ||     6
   Stab: Confused          |       |     2 ||     2
 Armour: Robe              |     7 |    13 ||    20
  Dodge: Dodged            |    27 |    25 ||    52

Table legend: (Time is in decaauts)
 A = Elapsed time spent in this place.
 B = Non-inter-level travel time spent in this place.
 C = Inter-level travel time spent in this place.
 D = Time resting spent in this place.
 E = Time spent auto-exploring this place.
 F = Levels seen in this place.
 G = Mean time per level.
                   A        B        C        D        E       F      G
               +--------+--------+--------+--------+--------+-----+--------+
         Total |   4054 |   3939 |    115 |     76 |   3418 |   5 |  810.8 |
       Dungeon |   3849 |   3744 |    105 |     76 |   3232 |   4 |  962.2 |
        Temple |    205 |    195 |     10 |      0 |    186 |   1 |  205.0 |
               +--------+--------+--------+--------+--------+-----+--------+

Top non-repeatable levels by time:
     D:2: 1250 daAuts
     D:3: 1248 daAuts
     D:1: 1192 daAuts
  Temple: 205 daAuts
     D:4: 157 daAuts
